 Dungeon Crawl Stone Soup version 0.18.1-50-g88ac8fd (console) character file.

13756 CALLOUS the Peltast (level 12, -10/75 HPs)
             Began as a Gargoyle Warper on May 18, 2018.
             Was an Elder of Dithmenos.
             Mangled by a komodo dragon (20 damage)
             ... on level 2 of the Lair of Beasts on May 19, 2018.
             The game lasted 09:29:45 (26770 turns).

CALLOUS the Peltast (Gargoyle Warper)              Turns: 26770, Time: 09:29:45

Health: -10/75     AC: 21    Str: 23    XL:     12   Next: 9%
Magic:  15/15      EV: 10    Int: 14    God:    Dithmenos [****..]
Gold:   65         SH:  0    Dex:  9    Spells: 5 memorised, 4 levels left

rFire  . . .     SeeInvis .     T - +2 spear (freeze)
rCold  + . .     Gourm    .     x - +1 scale mail {rC+}
rNeg   + . .     Faith    .     (no shield)
rPois  ∞         Spirit   .     Y - +0 helmet
rElec  +         Dismiss  .     (no cloak)
rCorr  .         Reflect  .     p - +0 pair of gloves
SustAt .         Harm     .     L - +0 pair of boots
MR     .....                    (no amulet)
Stlth  +.........               K - ring of wizardry
                                W - +3 ring of strength

@: wreathed by umbra, not resistant to hostile enchantments, very unstealthy
A: negative energy resistance 1, electricity resistance, unbreathing,
petrification resistance, rot immunity, AC +8
a: Shadow Step, Renounce Religion


You were on level 2 of the Lair of Beasts.
You worshipped Dithmenos.
Dithmenos was greatly pleased with you.
You were very hungry.

You visited 3 branches of the dungeon, and saw 14 of its levels.

You collected 768 gold pieces.
You spent 703 gold pieces at shops.

Inventory:

Hand Weapons
 a - a +0 dagger of venom
 l - a +0 hunting sling
 B - a +2 flail of venom
 G - a +1 spear of venom
 N - a +0 shortbow
 R - a +2 quarterstaff of speed
 T - a +2 spear of freezing (weapon)
 Z - a +0 short sword of electrocution
Missiles
 e - 5 tomahawks of dispersal
 i - 222 stones
 j - 11 bolts
 k - 122 sling bullets
 n - 162 arrows
 F - 4 tomahawks (quivered)
 I - 6 silver javelins
 V - 7 poisoned javelins
Armour
 p - a +0 pair of gloves (worn)
 w - a +0 large shield
 x - a +1 scale mail of cold resistance (worn)
 C - a troll hide
 L - a +0 pair of boots (worn)
 Y - a +0 helmet (worn)
Jewellery
 u - an uncursed ring of resist corrosion
 K - a ring of wizardry (right hand)
 W - a +3 ring of strength (left hand)
Wands
 y - a wand of iceblast (3/15)
 D - a wand of acid (0/15)
 M - a wand of slowing (4/48)
 P - a wand of digging (7/24)
Scrolls
 d - a scroll of blinking
 z - 5 scrolls of fear
 S - a scroll of acquirement
 U - 3 scrolls of magic mapping
Potions
 c - 2 potions of might
 h - a potion of haste
 q - a potion of lignification
 A - 2 potions of heal wounds
 E - 3 potions of curing
 O - 2 potions of invisibility
Miscellaneous
 X - a sack of spiders {used: 1}
Comestibles
 b - 4 royal jellies
 f - 7 bread rations
 g - 4 slices of pizza
 r - 10 fruits
 H - 2 beef jerkies
 J - a meat ration


   Skills:
 - Level 8.5 Fighting
 - Level 2.0 Maces & Flails
 - Level 0.8 Throwing
 - Level 6.2 Armour
 - Level 1.5 Dodging
 - Level 4.2 Stealth
 * Level 16.2 Shields
 - Level 2.0 Spellcasting
 - Level 2.6 Translocations
 - Level 3.6 Earth Magic
 - Level 2.1 Invocations


You had 4 spell levels left.
You knew the following spells:

 Your Spells              Type           Power        Failure   Level  Hunger
a - Apportation           Tloc           #.........   9%          1    ##.....
b - Blink                 Tloc           N/A          12%         2    ###....
c - Shroud of Golubria    Chrm/Tloc      #.........   28%         2    ###....
d - Petrify               Trmt/Erth      #.......     94%         4    #####..
e - Confusing Touch       Hex            #.....       47%         2    ###....


Dungeon Overview and Level Annotations

Branches:
Dungeon (10/15)            Temple (1/1) D:5            Lair (3/8) D:9
  Swamp: Lair:3-6    Shoals: Lair:3-6     Snake: Lair:3-6    Spider: Lair:3-6
    Orc: D:9-12

Altars:
Ashenzari
Cheibriados
Dithmenos
Elyvilon
Fedhas
Gozag
Kikubaaqudgha
Okawaru
Pakellas
Qazlal
Sif Muna
Vehumet
Xom
Yredelemnul
The Shining One

Shops:
D:5 }?[   D:8 %

Annotations:
D:1 1 exclusion
D:2 2 exclusions
D:3 2 exclusions
D:4 1 exclusion
D:5 1 exclusion
D:6 exclusion: 2 sky beasts
D:8 1 exclusion
D:9 exclusion: sky beast
D:10 1 exclusion
Lair:2 1 exclusion


Innate Abilities, Weirdness & Mutations

You are resistant to torment.
Your stone body is resilient (AC +8).
You are immune to poison.
You resist negative energy.
You are resistant to electric shocks.
You can survive without breathing.
You are immune to petrification.
You are immune to rotting.


Message History

* * * LOW HITPOINT WARNING * * *
The blink frog blinks!
You puncture the komodo dragon! You freeze the komodo dragon.
The komodo dragon is severely wounded.
The komodo dragon bites you!
* * * LOW HITPOINT WARNING * * *
You hit the komodo dragon but do no damage.
The komodo dragon is severely wounded.
The komodo dragon bites you but does no damage.
The blink frog blinks!
You closely miss the komodo dragon.
The komodo dragon is severely wounded.
The komodo dragon closely misses you.
Casting: Shroud of Golubria
Confirm with . or Enter, or press ? or * to list all spells.
Okay, then.
Unknown command.
K - a ring of wizardry (right hand)
The komodo dragon bites you!!
You die...

.........#..##.⌠.⌠.#...##.⌠..#...
.........##..#........#######....
........##...............#####...
...........#.##...##§.#.....#P...
.P..P......#..#..##.§#...........
...........#........#............
.............#......#....>.......
.............###.###.............
..........####...P...............
.#P..#....####.#l................
.....P....##.#.F@P....#.+.P##.+##
................##....##.#####...
......................#..........
.....P.........###....#........#.
..........#P#.####....##.......#P
..........######.#....P#.......P.
.....#....###.##.................
...#...................#####..###
.......................##.##.#.P#
....................<............
.....................<...........


You could see a komodo dragon and a blink frog.

Vanquished Creatures
  An elephant (D:9)
  A black mamba (D:9)
  2 spiny frogs (Lair:1)
  2 komodo dragons
  3 trolls
  A two-headed ogre (D:8)
  A wraith (D:8)
  17 yaks
  Grum (D:10)
  4 hippogriffs
  A basilisk (Lair:2)
  3 hungry ghosts
  3 water moccasins (Lair:1)
  4 porcupines
  5 phantoms
  5 orc warriors
  2 black bears
  3 necrophages
  5 ogres
  An eye of draining (D:9)
  3 centaurs
  3 wolves (D:10)
  3 crocodiles
  An elf zombie (D:8)
  6 giant frogs
  3 gnoll sergeants
  A water moccasin zombie (D:10)
  A water moccasin skeleton (D:7)
  A scorpion (D:8)
  8 killer bees
  5 wights
  5 crimson imps
  2 giant frog zombies
  A human zombie (D:8)
  A lava snake (D:9)
  3 quasits
  5 hounds
  3 orc priests
  2 giant frog skeletons
  10 jellies
  8 orc wizards
  A human skeleton (D:8)
  8 iguanas
  A gnoll shaman (D:8)
  Natasha (thrice) (D:2)
  12 worker ants
  A sheep (D:9)
  An ogre zombie (D:8)
  A hound zombie (D:8)
  3 mummies
  4 worker ant zombies
  19 gnolls
  15 adders
  30 river rats
  2 shadow imps
  7 oozes
  An adder skeleton (D:4)
  An adder zombie (D:5)
  4 worms
  2 dart slugs
  3 giant geckos
  45 orcs
  10 bats
  9 giant cockroaches
  8 goblins
  4 hobgoblins
  8 jackals
  9 kobolds
  6 quokkas
  3 ball pythons
  A ball python skeleton (D:4)
  4 giant newts
  A hobgoblin zombie (D:6)
  A jackal skeleton (D:5)
  A kobold zombie (D:6)
  An orc skeleton (D:8)
  2 orc zombies (D:6)
  2 quokka skeletons (D:8)
  27 rats
  A spectral orc (D:7)
402 creatures vanquished.

Vanquished Creatures (collateral kills)
  A yak (D:9)
  A killer bee (D:8)
2 creatures vanquished.

Vanquished Creatures (others)
  A fungus (D:9)
1 creature vanquished.

Grand Total: 405 creatures vanquished

Notes
Turn   | Place    | Note
--------------------------------------------------------------
     0 | D:1      | CALLOUS the Gargoyle Warper began the quest for the Orb.
     0 | D:1      | Reached XP level 1. HP: 12/12 MP: 3/3
   131 | D:1      | Reached XP level 2. HP: 17/18 MP: 5/5
   727 | D:1      | Reached XP level 3. HP: 18/23 MP: 6/6
  1391 | D:2      | Learned a level 2 spell: Blink
  1394 | D:2      | Learned a level 2 spell: Shroud of Golubria
  1520 | D:2      | Reached XP level 4. HP: 29/29 MP: 4/7
  2140 | D:2      | Noticed Natasha
  2146 | D:2      | Killed Natasha
  2277 | D:2      | Reached XP level 5. HP: 31/34 MP: 1/8
  2304 | D:2      | Noticed Natasha
  2349 | D:2      | Killed Natasha
  2349 | D:2      | Reached skill level 1 in Stealth
  2791 | D:2      | Noticed Natasha
  2806 | D:2      | Killed Natasha
  2806 | D:2      | Reached skill level 5 in Fighting
  4354 | D:4      | Reached XP level 6. HP: 40/40 MP: 7/9
  4360 | D:4      | Learned a level 4 spell: Petrify
  4966 | D:4      | Reached skill level 1 in Earth Magic
  5025 | D:4      | Found an iron altar of Okawaru.
  5593 | D:5      | Entered Level 5 of the Dungeon
  5633 | D:4      | Reached XP level 7. HP: 46/46 MP: 8/10
  6458 | D:5      | Reached skill level 5 in Armour
  6535 | D:5      | Found a staircase to the Ecumenical Temple.
  6544 | Temple   | Entered the Ecumenical Temple
  6555 | Temple   | Became a worshipper of Dithmenos the Shadowed
  6765 | D:5      | Found Nirit's Gadget Boutique.
  6854 | D:5      | Found Ziebluwn's Antique Armour Shop.
  7013 | D:5      | Reached XP level 8. HP: 53/53 MP: 8/11
  7205 | D:5      | Found Bekuac's Magic Scroll Boutique.
  7303 | D:5      | Bought a scroll of identify for 22 gold pieces
  7303 | D:5      | Bought a scroll of remove curse for 33 gold pieces
  7303 | D:5      | Bought a scroll of fear for 38 gold pieces
  7303 | D:5      | Bought a scroll of magic mapping for 38 gold pieces
  7522 | D:6      | Learned a level 2 spell: Confusing Touch
  7599 | D:6      | Reached * piety under Dithmenos
  8202 | D:6      | Reached skill level 1 in Invocations
  9320 | D:7      | Reached skill level 2 in Shields
  9320 | D:7      | Reached XP level 9. HP: 28/60 MP: 5/12
  9629 | D:7      | Reached skill level 3 in Shields
  9930 | D:7      | Found a basalt altar of Yredelemnul.
 10055 | D:7      | Found a radiant altar of Vehumet.
 10076 | D:7      | Reached skill level 4 in Shields
 10452 | D:8      | Reached skill level 5 in Shields
 10493 | D:7      | Reached ** piety under Dithmenos
 11156 | D:8      | Found Fahybb's Food Shop.
 11208 | D:7      | Reached skill level 6 in Shields
 11605 | D:7      | Reached skill level 7 in Shields
 11957 | D:7      | Reached skill level 8 in Shields
 12884 | D:8      | Reached skill level 9 in Shields
 12929 | D:8      | Reached XP level 10. HP: 65/65 MP: 9/13
 13604 | D:8      | Reached *** piety under Dithmenos
 13647 | D:8      | Found a shadowy altar of Dithmenos.
 13699 | D:8      | Reached skill level 10 in Shields
 13842 | D:8      | Found a blossoming altar of Fedhas.
 14377 | D:8      | Found an oddly glowing altar of Pakellas.
 14644 | D:8      | Found a shattered altar of Ashenzari.
 14645 | D:8      | Found a white marble altar of Elyvilon.
 14684 | D:8      | Reached skill level 11 in Shields
 14782 | D:8      | Found an ancient bone altar of Kikubaaqudgha.
 15068 | D:9      | Found a staircase to the Lair.
 15077 | D:9      | Noticed an elephant
 15138 | D:9      | Killed an elephant
 15803 | D:10     | Entered Level 10 of the Dungeon
 16323 | D:10     | Reached skill level 12 in Shields
 16473 | D:10     | Noticed a hornet
 16497 | D:10     | Noticed a hornet
 16499 | D:10     | Noticed a hornet
 16501 | D:10     | Noticed a hornet
 16502 | D:10     | Noticed a hornet
 16502 | D:10     | Noticed a hornet
 16785 | D:10     | Noticed a hornet
 16787 | D:10     | Noticed a hornet
 16787 | D:10     | Noticed a hornet
 16789 | D:10     | Noticed a hornet
 16796 | D:10     | Noticed a hornet
 17779 | D:10     | Noticed Grum
 17804 | D:10     | HP: 2/65 [acid (7)]
 18225 | D:8      | Reached XP level 11. HP: 68/69 MP: 14/14
 18280 | D:7      | Reached skill level 13 in Shields
 19006 | D:9      | Reached **** piety under Dithmenos
 19150 | D:10     | Killed Grum
 20701 | Lair:1   | Entered Level 1 of the Lair of Beasts
 21262 | Lair:1   | Reached skill level 14 in Shields
 21406 | D:9      | HP: 3/69 [troll (5)]
 21407 | D:9      | HP: 1/69 [troll (2)]
 23220 | Lair:1   | Reached skill level 15 in Shields
 25374 | Lair:2   | Reached XP level 12. HP: 59/75 MP: 13/15
 25518 | Lair:2   | Reached skill level 16 in Shields
 26576 | D:5      | Bought a scroll of acquirement for 572 gold pieces
 26770 | Lair:2   | Mangled by a komodo dragon

Skill      XL: |  1  2  3  4  5  6  7  8  9 10 11 12 |
---------------+-------------------------------------+-----
Armour         | 2 3 4 5 6 |  6.2
Fighting       | 3 4 5 6 7 8 |  8.5
Stealth        | 1 2 3 4 |  4.2
Earth Magic    | 1 2 3 |  3.6
Invocations    | 2 |  2.1
Shields        | 2 9 12 15 16 | 16.2
Maces & Flails | |  2.0
Throwing       | |  0.8
Dodging        | |  1.5
Spellcasting   | |  2.0
Translocations | |  2.6

Action                   |  1- 3 |  4- 6 |  7- 9 | 10-12 || total
-------------------------+-------+-------+-------+-------++-------
Melee: Mace              |   154 |    76 |    72 |       ||   302
       Dagger            |       |   222 |   325 |   307 ||   854
       Quarterstaff      |       |       |   152 |   372 ||   524
       Unarmed           |       |       |   110 |   182 ||   292
       Short sword       |       |       |     1 |    57 ||    58
       Trident           |       |       |       |    20 ||    20
       Spear             |       |       |       |    91 ||    91
       Flail             |       |       |       |    19 ||    19
 Fire: Shortbow          |       |       |   123 |   237 ||   360
       Hunting sling     |       |       |    18 |   116 ||   134
Throw: Stone             |     6 |    44 |    58 |     1 ||   109
       Tomahawk          |       |    20 |    17 |    10 ||    47
       Javelin           |       |       |       |     1 ||     1
 Cast: Shroud of Golubri |     3 |    39 |   112 |   164 ||   318
       Blink             |       |     1 |     5 |     9 ||    15
       Confusing Touch   |       |       |    61 |   101 ||   162
Invok: Shadow Step       |       |       |       |     1 ||     1
Evoke: Wand              |       |       |       |     4 ||     4
       Sack of spiders   |       |       |       |     1 ||     1
  Use: Potion            |       |     1 |     2 |     3 ||     6
       Scroll            |       |       |     2 |       ||     2
 Stab: Sleeping          |       |     1 |     5 |     3 ||     9
       Confused          |       |       |    28 |    36 ||    64
       Distracted        |       |       |     1 |       ||     1
  Eat: Chunk             |     2 |    17 |    30 |    54 ||   103
       Meat ration       |       |       |     2 |     1 ||     3
       Royal jelly       |       |       |     1 |     6 ||     7
       Fruit             |       |       |     1 |       ||     1
       Beef jerky        |       |       |       |     1 ||     1
Armor: Leather armour    |    75 |   106 |   379 |   173 ||   733
       Ring mail         |       |       |       |   219 ||   219
       Scale mail        |       |       |       |    31 ||    31
Dodge: Dodged            |   106 |   202 |   511 |   620 ||  1439
